Map: Submarine LE

Players

TARAS

  • Race: Protoss Protoss
  • League: Platinum
  • Spawn Location: 5:00

Massa - Winner!

  • Race: Terran Terran
  • League: Platinum
  • Spawn Location: 11:00

VOD

Have the link to the VOD?

Description

Time

  • Played on: Feb. 26, 2021, 11:50 a.m.
  • Length: 11:48
Show
View Real Time Build Order
Export as new Build Order

TARAS Protoss 

Build Orders:  

Get SALT Encoding   

  12  0:02  Probe (Chrono Boost)  
  13  0:11  Probe (Chrono Boost)  
  14  0:16  Probe (Chrono Boost)  
  15  0:24  Pylon  
  15  0:45  Probe, Forge  
  15  0:48  Assimilator  
  17  0:57  Probe  
  17  1:09  Probe, Pylon  
  18  1:13  Pylon  
  18  1:18  Assimilator  
  18  1:33  Photon Cannon  
  18  1:43  Pylon  
  17  2:06  Probe  
  18  2:15  Nexus  
  18  2:35  Gateway  
  18  2:40  Pylon  
  18  2:43  Probe (Chrono Boost)  
  19  2:54  Probe (Chrono Boost)  
  19  2:57  Assimilator  
  20  2:59  Probe (Chrono Boost)  
  20  3:17  Photon Cannon  
  20  3:22  Photon Cannon  
  19  3:45  Probe  
  17  3:58  Probe (Chrono Boost)  
  19  4:07  Probe x2 (Chrono Boost)  
  20  4:12  Probe (Chrono Boost)  
  20  4:15  Probe (Chrono Boost)  
  23  4:24  Probe (Chrono Boost)  
  23  4:27  Probe (Chrono Boost)  
  24  4:32  Probe (Chrono Boost)  
  24  4:33  Probe (Chrono Boost)  
  26  4:38  Probe  
  26  4:40  Probe, Pylon  
  28  4:48  Cybernetics Core  
  29  4:55  Probe (Chrono Boost)  
  29  4:56  Probe (Chrono Boost)  
  30  5:06  Probe (Chrono Boost), Pylon  
  32  5:08  Probe (Chrono Boost)  
  32  5:16  Probe  
  32  5:18  Photon Cannon  
  32  5:23  Photon Cannon  
  32  5:27  Photon Cannon  
  33  5:28  Probe  
  33  5:34  Stalker  
  35  5:44  Probe  
  36  5:54  Stargate  
  36  5:57  Probe  
  37  6:08  Protoss Air Weapons Level 1 (Chrono Boost)  
  37  6:09  Probe  
  38  6:21  Probe  
  38  6:22  Photon Cannon  
  38  6:24  Shield Battery  
  38  6:25  Shield Battery  
  39  6:27  Shield Battery  
  39  6:29  Shield Battery  
  39  6:34  Void Ray  
  39  6:36  Stargate  
  39  6:40  Photon Cannon, Stargate  
  43  6:49  Shield Battery  
  43  6:50  Shield Battery  
  43  6:59  Photon Cannon, Shield Battery  
  43  7:03  Photon Cannon  
  43  7:10  Probe  
  43  7:13  Assimilator  
  43  7:15  Void Ray  
  44  7:18  Stargate  
  44  7:22  Probe  
  49  7:34  Probe  
  46  7:46  Probe  
  46  7:51  Photon Cannon x2  
  45  7:53  Photon Cannon  
  45  7:55  Photon Cannon  
  45  7:58  Probe, Void Ray (Chrono Boost), Pylon x2  
  44  8:14  Void Ray (Chrono Boost)  
  46  8:32  Void Ray (Chrono Boost)  
  45  8:36  Void Ray x2 (Chrono Boost)  
  57  9:02  Photon Cannon  
  57  9:04  Photon Cannon  
  57  9:05  Photon Cannon  
  57  9:14  Pylon  
  57  9:18  Probe  
  58  9:30  Probe  
  54  9:52  Fleet Beacon  
  50  10:19  Assimilator  
  50  10:30  Photon Cannon  
  50  10:31  Stargate  
  50  10:32  Photon Cannon  
  50  10:33  Photon Cannon  
  50  10:34  Stargate  
  50  10:39  Tempest (Chrono Boost)  
  55  10:48  Tempest (Chrono Boost)  
Show
View Real Time Build Order
Export as new Build Order

Massa Terran - Winner!

Build Orders:  

Get SALT Encoding   

  12  0:00  SCV  
  13  0:12  SCV  
  14  0:19  Supply Depot  
  14  0:24  SCV  
  15  0:40  SCV  
  16  0:43  Barracks  
  16  0:47  Refinery  
  16  0:52  SCV  
  17  1:04  SCV  
  18  1:32  Orbital Command  
  18  1:34  Marine  
  18  1:36  Supply Depot  
  19  2:01  SCV  
  20  2:09  Supply Depot  
  20  2:10  Reaper  
  20  2:15  SCV  
  22  2:22  Command Center  
  22  2:32  SCV  
  23  2:42  Factory  
  23  3:00  Barracks Tech Lab  
  23  3:04  SCV  
  24  3:28  SCV, Marine  
  26  3:40  SCV  
  27  3:46  Marine  
  28  3:52  Factory Tech Lab  
  27  3:58  Barracks x2  
  27  4:01  Barracks  
  27  4:04  Marine  
  27  4:06  Supply Depot x2  
  27  4:09  SCV  
  29  4:10  Engineering Bay  
  29  4:12  Refinery  
  29  4:15  Cyclone  
  32  4:18  Stimpack  
  32  4:21  SCV  
  32  4:22  Orbital Command, Marine  
  34  4:29  Supply Depot  
  34  4:32  Supply Depot  
  34  4:40  Reaper  
  34  4:43  Missile Turret  
  35  4:47  SCV  
  35  4:48  SCV, Missile Turret  
  38  5:00  SCV  
  38  5:03  SCV  
  38  5:04  Marine  
  38  5:05  Barracks Reactor, Barracks Tech Lab  
  40  5:12  SCV, Marine  
  42  5:15  SCV  
  43  5:22  Marine  
  43  5:23  Siege Tank  
  43  5:25  Marauder  
  43  5:27  SCV  
  43  5:28  SCV  
  51  5:30  Marauder  
  53  5:39  Refinery, SCV  
  53  5:40  SCV  
  53  5:41  Refinery  
  56  5:46  Marine  
  56  5:47  Supply Depot  
  56  5:49  Barracks Tech Lab, Supply Depot  
  56  5:50  Marine  
  56  5:52  SCV, Marauder  
  62  6:04  Marauder  
  62  6:09  SCV x2  
  64  6:13  Siege Tank  
  67  6:19  Starport  
  67  6:21  SCV x2  
  67  6:23  Supply Depot  
  67  6:24  Supply Depot  
  69  6:38  Marauder x2, Marine x3  
  76  6:45  Siege Tank  
  79  6:53  Combat Shield  
  79  6:55  Marine, Concussive Shells  
  79  6:56  Marine  
  83  7:30  Marauder, Marine x4  
  87  7:47  Marine x2  
  87  7:48  Marine x2  
  87  7:49  Cyclone  
  87  7:51  Marine  
  91  8:05  Marine x3, Medivac  
  90  8:06  Marine  
  90  8:08  Marine  
  90  8:09  Missile Turret  
  90  8:10  Missile Turret  
  94  8:26  Cyclone  
  94  8:27  Marine x2  
  94  8:28  Marine x3  
  98  8:35  Medivac  
  99  8:45  Marine x3  
  99  8:46  Marine x2  
  105  8:48  SCV x2  
  100  9:00  SCV x2, Command Center  
  102  9:03  Marine x3  
  102  9:04  Marine x2  
  104  9:19  Siege Tank  
  104  9:21  Marine  
  99  9:51  Siege Tank  
  99  9:52  Starport Reactor  
  102  10:03  Refinery  
  102  10:08  Missile Turret  
  102  10:20  SCV x2  
  104  10:21  Planetary Fortress  
  104  10:32  SCV x2, Marauder, Marine x2  
  104  10:33  Marauder, Marine  
  104  10:34  Cyclone  
  116  10:43  Supply Depot x3  
  116  10:44  SCV  
  116  10:45  Supply Depot  
  116  10:46  Missile Turret, Supply Depot  
  116  10:48  Missile Turret  
  117  11:01  Marine x2, Medivac  
  117  11:03  SCV  
  117  11:04  SCV, Marine, Medivac  
  117  11:06  Cyclone  
  99  11:19  Marine  
  99  11:20  Marauder x3  
  99  11:22  Marine  
Tags
 
Add a new tag
Caveats
  • Supply blocks, unpowered buildings, or Contaminate may cause inaccurate times.
  • Supply counts are checked every 10 seconds.